 Dungeon Crawl Stone Soup version 0.31-a0-544-gceb718ecc6 (webtiles) character file.

Game seed: 12041659066539284496

55 Fodor the Covered (level 3, -1/33 HPs)
             Began as a Minotaur Fighter on Aug 15, 2023.
             Slain by Sigmund
             ... wielding a +0 scythe
              (2 damage)
             ... on level 2 of the Dungeon.
             The game lasted 00:04:54 (1461 turns).

Fodor the Covered (Minotaur Fighter)                Turns: 1461, Time: 00:04:55

Health: -1/33      AC: 14    Str: 22    XL:     3   Next: 67%
Magic:  2/2        EV:  9    Int:  5    God:
Gold:   31         SH:  4    Dex:  9    Spells: 2/2 levels left

rFire   . . .        i - +1 mace (protect)
rCold   . . .        c - +0 buckler
rNeg    . . .        b - +0 scale mail
rPois   .            (helmet restricted)
rElec   .            (no cloak)
rCorr   .            (no gloves)
SInv    .            (no boots)
Will    .....        (no amulet) Stlth
                     (no ring)
HPRegen 0.25/turn    (no ring)
MPRegen 0.08/turn

%: no passive effects
@: under a protective aura
A: horns 2, retaliatory headbutt
a: no special abilities


You were on level 2 of the Dungeon.
You visited 1 branch of the dungeon, and saw 2 of its levels.

You collected 31 gold pieces.

Inventory:

Hand Weapons
 a - a +0 long sword
 i - a +1 mace of protection (weapon)
Armour
 b - a +0 scale mail (worn)
 c - a +0 buckler (worn)
Scrolls
 e - a scroll of identify {unknown}
 j - a scroll of enchant weapon {unknown}
 k - a scroll of teleportation {unknown}
Potions
 d - 2 potions of might
 f - a potion of degeneration {unknown}
 g - 2 potions of mutation {unknown}
 h - a potion of curing {unknown}


   Skills:
 + Level 4.3 Fighting
 + Level 2.9 Long Blades
 + Level 4.3 Armour
 + Level 0.1 Dodging
 + Level 4.2 Shields


You had 2 spell levels left.
You didn't know any spells.
Your spell library was empty.

Dungeon Overview and Level Annotations

Branches:
Dungeon (2/15)

Altars:

Annotations:
D:2 Sigmund


Innate Abilities, Weirdness & Mutations

You have a pair of horns on your head.
You reflexively headbutt those who attack you in melee.


Message History

Your weapon exudes an aura of protection.
You kill the rat!
You see here a rat corpse.
Found 4 gold pieces.
Found a stone staircase leading down.
You now have 31 gold pieces (gained 4).
Found a scroll labelled FYHINT QYTT.
j - a scroll labelled FYHINT QYTT
Found a dagger.
Found a potion of might.
Found a scroll labelled IRYTEF APNE.
k - a scroll labelled IRYTEF APNE
d - 2 potions of might (gained 1) Sigmund the Dreaded comes into view.
He is wielding a +0 scythe.
Found a dented beryl amulet.
Sigmund shouts!
Sigmund gestures at you while chanting. The puff of flame hits you.
Sigmund points at you and mumbles some strange words.
The magic dart hits you! Sigmund closely misses you.
Sigmund closely misses you.
You hit Sigmund.
Your weapon exudes an aura of protection.
You headbutt Sigmund, but do no damage.
Sigmund is lightly wounded.
Sigmund mumbles some strange words.
Sigmund flickers and vanishes!
Deactivating autopickup; reactivate with Ctrl-A.
You barely miss something. Your headbutt misses something. Something hits you!
You hit something. Your headbutt misses something.
Something hits you but does no damage.
You barely miss something. Something hits you but does no damage.
You barely miss something. Something hits you!
You barely miss something. Something hits you!
* * * LOW HITPOINT WARNING * * *
You hit something.
Your weapon exudes an aura of protection.
Something hits you.
You die...

####.##.########.###.#
.....##.# #.....#
#######.# ###.### .
#+# #...# # ###.#
####.# ##.##.# ##...
####...#.# .....
+..{@....# ##...
####...#.# . ##.##.#
.. ####.# .# ... .#
#.. .# .."# .# ...#


There were no monsters in sight!

Vanquished Creatures
  Terence (D:2)
  A worm (D:2)
  A ball python (D:1)
  4 endoplasms (D:1)
  4 goblins (D:1)
  4 hobgoblins (D:1)
  3 bats (D:1)
  A frilled lizard (D:2)
  2 kobolds (D:1)
  5 rats
26 creatures vanquished.

Notes
Turn   | Place    | Note
-------+----------+-------------------------------------------
     0 | D:1      | Fodor the Minotaur Fighter began the quest for the Orb.
     0 | D:1      | Reached XP level 1. HP: 19/19 MP: 0/0
   128 | D:1      | Found a faded altar of an unknown god.
   180 | D:1      | Reached XP level 2. HP: 27/27 MP: 1/1
  1136 | D:2      | Noticed Terence
  1147 | D:2      | Reached XP level 3. HP: 30/33 MP: 2/2
  1154 | D:2      | Killed Terence
  1449 | D:2      | Noticed Sigmund
  1460 | D:2      | HP: 1/33 [something (10)]
  1461 | D:2      | Slain by Sigmund

Illustrated notes

Levels and vault maps discovered:
D:1:      dpeg_arrival_tiny_e, layout_basic,
          hellmonk_ecumenical_altar_inner_sanctum
D:2:      layout_loops_corners, minmay_misc_feat_square,
          uniq_crazy_yiuf_cottage, uniq_natasha, uniq_terence, uniq_sigmund

Skill      XL: |  1  2 |
---------------+-------+-----
Armour         | 4 |  4.3
Fighting       | 4 |  4.3
Shields        | 4 |  4.2
Long Blades    | |  2.9
Dodging        | |  0.1

Action                     || total
---------------------------++-------
  Melee: Long sword        ||    58
         Headbutt          ||    12
         Mace              ||     9
 Armour: Scale mail        ||    43
  Dodge: Dodged            ||    44
  Block: Buckler           ||    11

Table legend: (Time is in decaauts)
 A = Elapsed time spent in this place.
 B = Non-inter-level travel time spent in this place.
 C = Inter-level travel time spent in this place.
 D = Time resting spent in this place.
 E = Time spent auto-exploring this place.
 F = Levels seen in this place.
 G = Mean time per level.
                   A        B        C        D        E       F      G
               +--------+--------+--------+--------+--------+-----+--------+
         Total |   1481 |   1454 |     27 |    436 |      0 |   2 |  740.5 |
       Dungeon |   1481 |   1454 |     27 |    436 |      0 |   2 |  740.5 |
               +--------+--------+--------+--------+--------+-----+--------+

Top non-repeatable levels by time:
     D:1: 1036 daAuts
     D:2: 445 daAuts
